 Dungeon Crawl Stone Soup version 0.22-b1-21-g5cfc168 (webtiles) character file.

37 Gorglomux the Sneak (level 3, -1/26 HPs)
             Began as a Merfolk Transmuter on Aug 2, 2018.
             Slain by a kobold (4 damage)
             ... on level 2 of the Dungeon.
             The game lasted 00:02:58 (1330 turns).

Gorglomux the Sneak (Merfolk Transmuter)            Turns: 1330, Time: 00:02:59

Health: -1/26      AC:  2    Str: 11    XL:     3   Next: 41%
Magic:  6/6        EV: 13    Int: 12    God:
Gold:   29         SH:  0    Dex: 14    Spells: 5/6 levels left

rFire    . . .     SeeInvis .   T - +2 dagger (elec)
rCold    . . .     Gourm    .   (no shield)
rNeg     . . .     Faith    .   b - +0 robe
rPois    .         Spirit   .   (no helmet)
rElec    .         Reflect  .   (no cloak)
rCorr    .         Harm     .   (no gloves)
MR       .....                  (no boots)
Stlth    ++........             f - amulet of inaccuracy (curse)
HPRegen  0.08/turn              (no ring)
MPRegen  0.10/turn              (no ring)

@: no status effects
A: change form in water, swift swim, stealthy swim
a: no special abilities


You were on level 2 of the Dungeon.
You were not hungry.

You visited 1 branch of the dungeon, and saw 2 of its levels.

You collected 29 gold pieces.

Inventory:

Hand Weapons
 T - a +2 dagger of electrocution (weapon)
Missiles
 a - 36 arrows
Armour
 b - a +0 robe (worn)
Jewellery
 f - a cursed amulet of inaccuracy (around neck)
Scrolls
 R - a scroll of identify
Potions
 e - a potion of heal wounds
Comestibles
 d - 2 rations
 S - a chunk of flesh


   Skills:
 - Level 1.1 Fighting
 - Level 2.6 Dodging
 + Level 3.6 Stealth
 - Level 3.2 Unarmed Combat
 - Level 2.0 Spellcasting
 - Level 2.6 Transmutations


You had 5 spell levels left.
You knew the following spells:

 Your Spells              Type           Power        Failure   Level  Hunger
a - Beastly Appendage     Tmut           #.....       9%          1    ##.....

Your spell library contained the following spells:

 Spells                   Type           Power        Failure   Level  Hunger
 Spider Form              Tmut/Pois      #.........   43%         3    ####...
 Blade Hands              Tmut           #.........   94%         5    ######.
 Ice Form                 Ice/Tmut       #.......     83%         4    #####..
 Sticks to Snakes         Tmut           #.......     14%         2    ###....


Dungeon Overview and Level Annotations

Branches:
Dungeon (2/15)

Altars:
Fedhas


Message History

Things that are here:
a dagger of electrocution; a goblin corpse You barely miss the kobold!
The kobold butt-ly misses you!
You see here a red potion!
There is a stone staircase leading up here!
The kobold barely misses you!
Things that are here:
a dagger of electrocution; a goblin corpse
T - a dagger of butt The kobold hits you! * * * don't die
* * * Wield which item (- for none, * to show all)? (? for menu, Esc to quit)
You hear the crackle of electricity!
T - a +2 dagger of electrocution (weapon)
The kobold barely misses you!
You closely miss the kobold! The kobold closely misses you!
You barely miss the kobold! The kobold hits you! * * * don't die
* * * You barely miss the kobold!
The kobold hits you! rip

#..#.# #. #..#.# #.
....# #. #...#
#.########...#
#............#
#............#######
.####...K......<........
.......@!.####.....###.#
...............P.P..##.#
#####.########.._.......
... #.P.P.#.### ..##.
#.......# # # #....##.#
....### ... ###### #.#
.#


You could see a kobold.

Vanquished Creatures
  An ooze (D:1)
  3 dart slugs (D:1)
  A leopard gecko (D:1)
  A ball python (D:1)
  2 giant cockroaches
  2 goblins
  4 hobgoblins (D:1)
  3 kobolds (D:1)
  3 bats (D:1)
  6 rats (D:1)
26 creatures vanquished.

Notes
Turn   | Place    | Note
-------+----------+-------------------------------------------
     0 | D:1      | Gorglomux the Merfolk Transmuter began the quest for the Orb.
     0 | D:1      | Reached XP level 1. HP: 15/15 MP: 3/3
    13 | D:1      | Reached skill level 1 in Stealth
    49 | D:1      | Reached XP level 2. HP: 10/21 MP: 5/5
   433 | D:1      | Reached skill level 3 in Stealth
   611 | D:1      | Reached XP level 3. HP: 26/26 MP: 4/6
  1264 | D:2      | Found a blossoming altar of Fedhas.
  1330 | D:2      | Slain by a kobold

Skill      XL: |  1  2 |
---------------+-------+-----
Stealth        | 2 3 |  3.6
Fighting       | |  1.1
Dodging        | |  2.6
Unarmed Combat | |  3.2
Spellcasting   | |  2.0
Transmutations | |  2.6

Action                   || total
-------------------------++-------
Melee: Unarmed           ||   154
       Headbutt          ||    11
       Punch             ||     2
       Dagger            ||     3
 Cast: Beastly Appendage ||    12
  Use: Scroll            ||     2
 Stab: Sleeping          ||     4
  Eat: Chunk             ||     2
Armor: Robe              ||    35
Dodge: Dodged            ||   117
